BR (22 & UNDER)
ALABAMA SHAKES @ OCEANSIDE SWAMP FOXES
08/22/2030
 
TOP OF THE 1ST
Alabama Shakes batting - Pitching for Oceanside Swamp Foxes : RHP Alain Moulin
Pitching: RHP Alain Moulin
Batting: RHB Darrell McCoy 0-0: Called Strike
0-1: Ball
1-1: Ground out 6-3 (Groundball, 6)
Batting: RHB Bud López 0-0: Ball
1-0: Called Strike
1-1: Ground out 5-3 (Groundball, 56)
Batting: LHB Edgardo Molina 0-0: Foul Ball, location: 2F
0-1: Ball
1-1: Ball
2-1: Ground out 3-1 (Groundball, 3D)
Top of the 1st over - 0 runs, 0 hits, 0 errors, 0 left on base; Alabama 0 - Oceanside 0
BOTTOM OF THE 1ST
Oceanside Swamp Foxes batting - Pitching for Alabama Shakes : RHP Iván Lerma
Pitching: RHP Iván Lerma
Batting: SHB Teko de Bruin 0-0: Called Strike
0-1: Foul Ball, location: 2F
0-2: Ball
1-2: Ball
2-2: Fly out, F8 (Flyball, 8RD)
Batting: RHB Rubén Ramírez 0-0: Called Strike
0-1: Ball
1-1: Swinging Strike
1-2: Strikes out swinging
Batting: RHB Armando Solís 0-0: Called Strike
0-1: Ball
1-1: Swinging Strike
1-2: SINGLE (Line Drive, 6MD)
Batting: RHB Travis Thomas 0-0: Ball
1-0: Foul Ball, location: 2F
1-1: Called Strike
1-2: Fly out, F6 (Flyball, 6D)
Bottom of the 1st over - 0 runs, 1 hit, 0 errors, 1 left on base; Alabama 0 - Oceanside 0
TOP OF THE 2ND
Alabama Shakes batting - Pitching for Oceanside Swamp Foxes : RHP Alain Moulin
Batting: RHB Matt Bascombe 0-0: Called Strike
0-1: Fly out, F4 (Line Drive, 4MS)
Batting: RHB Travis Alexander 0-0: Called Strike
0-1: Ball
1-1: Ground out 6-3 (Groundball, 6)
Batting: RHB Andrés Aguirre 0-0: Called Strike
0-1: Ball
1-1: Fly out, F5 (Line Drive, 56)
Top of the 2nd over - 0 runs, 0 hits, 0 errors, 0 left on base; Alabama 0 - Oceanside 0
BOTTOM OF THE 2ND
Oceanside Swamp Foxes batting - Pitching for Alabama Shakes : RHP Iván Lerma
Batting: LHB Jeffery Casey 0-0: Swinging Strike
0-1: Called Strike
0-2: Ball
1-2: Foul Ball, location: 2F
1-2: Ball
2-2: Strikes out looking
Batting: RHB Ralph Young 0-0: Ball
1-0: Called Strike
1-1: Ball
2-1: Ball
3-1: Foul Ball, location: 2F
3-2: Base on Balls
Batting: RHB Pat Greene 0-0: Ball
1-0: Swinging Strike
1-1: Called Strike
1-2: Foul Ball, location: 2F
1-2: Foul Ball, location: 2F
1-2: Foul Ball, location: 2F
1-2: Fielders Choice at 2nd, 6-4 (Groundball, 6)
Batting: SHB León Galló 0-0: Foul Ball, location: 2F
0-1: SINGLE (Groundball, 6MD)
Pat Greene to second
Runner from 2nd tries for 3rd, SAFE, no throw
Batting: RHB Tony Klein 0-0: Ball
1-0: Foul Ball, location: 2F
1-1: 3-RUN HOME RUN (Flyball, 7D), Distance : 374 ft
Batting: SHB Teko de Bruin 0-0: Ball
1-0: Ball
2-0: Fly out, F8 (Flyball, 8RD)
Bottom of the 2nd over - 3 runs, 2 hits, 0 errors, 0 left on base; Alabama 0 - Oceanside 3
TOP OF THE 3RD
Alabama Shakes batting - Pitching for Oceanside Swamp Foxes : RHP Alain Moulin
Batting: LHB Brett Anderson 0-0: Ball
1-0: Fly out, F8 (Flyball, 89D)
Batting: RHB Mark Jackson 0-0: Ball
1-0: Foul Ball, location: 2F
1-1: Ball
2-1: Swinging Strike
2-2: Strikes out looking
Batting: RHB Mario Rodríguez 0-0: Ball
1-0: Swinging Strike
1-1: Foul Ball, location: 2F
1-2: Strikes out swinging
Top of the 3rd over - 0 runs, 0 hits, 0 errors, 0 left on base; Alabama 0 - Oceanside 3
BOTTOM OF THE 3RD
Oceanside Swamp Foxes batting - Pitching for Alabama Shakes : RHP Iván Lerma
Batting: RHB Rubén Ramírez 0-0: Ball
1-0: Ball
2-0: Called Strike
2-1: Ground out 4-3 (Groundball, 4)
Batting: RHB Armando Solís 0-0: Fly out, F8 (Flyball, 8RD)
Batting: RHB Travis Thomas 0-0: Called Strike
0-1: Swinging Strike
0-2: Ball
1-2: Foul Ball, location: 2F
1-2: Foul Ball, location: 2F
1-2: Foul Ball, location: 2F
1-2: DOUBLE (Flyball, 8RXD)
Batting: LHB Jeffery Casey 0-0: Foul Ball, location: 2F
0-1: Called Strike
0-2: Foul Ball, location: 2F
0-2: Ball
1-2: Foul Ball, location: 2F
1-2: Fly out, F9 (Flyball, 9LMF)
Bottom of the 3rd over - 0 runs, 1 hit, 0 errors, 1 left on base; Alabama 0 - Oceanside 3
TOP OF THE 4TH
Alabama Shakes batting - Pitching for Oceanside Swamp Foxes : RHP Alain Moulin
Batting: RHB Darrell McCoy 0-0: Ball
1-0: Ball
2-0: Ball
3-0: Called Strike
3-1: Called Strike
3-2: Foul Ball, location: 2F
3-2: Foul Ball, location: 2F
3-2: Base on Balls
Batting: RHB Bud López 0-0: Foul Ball, location: 2F
0-1: Foul Ball, location: 2F
0-2: Ball
1-2: Ball
2-2: Grounds into double play, 6-4-3 (Groundball, 6)
Batting: LHB Edgardo Molina 0-0: Ball
1-0: Ground out 4-3 (Groundball, 4)
Top of the 4th over - 0 runs, 0 hits, 0 errors, 0 left on base; Alabama 0 - Oceanside 3
BOTTOM OF THE 4TH
Oceanside Swamp Foxes batting - Pitching for Alabama Shakes : RHP Iván Lerma
Batting: RHB Ralph Young 0-0: Ball
1-0: Called Strike
1-1: Foul Ball, location: 2F
1-2: Foul Ball, location: 2F
1-2: Strikes out swinging
Batting: RHB Pat Greene 0-0: Called Strike
0-1: Ball
1-1: Foul Ball, location: 2F
1-2: Ground out 6-3 (Groundball, 6)
Batting: SHB León Galló 0-0: Ball
1-0: Ball
2-0: Foul Ball, location: 2F
2-1: Called Strike
2-2: Foul Ball, location: 2F
2-2: Ball
3-2: Base on Balls
Batting: RHB Tony Klein 0-0: Foul Ball, location: 2F
0-1: Ball
1-1: Ball
2-1: Foul Ball, location: 2F
2-2: Foul Ball, location: 2F
2-2: Foul Ball, location: 2F
2-2: SINGLE (Groundball, 6D)
León Galló to second
Batting: SHB Teko de Bruin 0-0: Ball
1-0: Ball
2-0: Ball
3-0: Called Strike
3-1: Fly out, F8 (Line Drive, 8RD)
Bottom of the 4th over - 0 runs, 1 hit, 0 errors, 2 left on base; Alabama 0 - Oceanside 3
TOP OF THE 5TH
Alabama Shakes batting - Pitching for Oceanside Swamp Foxes : RHP Alain Moulin
Batting: RHB Matt Bascombe 0-0: Ball
1-0: Ball
2-0: Ball
3-0: Base on Balls
Batting: RHB Travis Alexander 0-0: Called Strike
0-1: Foul Ball, location: 2F
0-2: Ball
1-2: Ball
2-2: Foul Ball, location: 2F
2-2: Ball
3-2: Grounds into double play, 6-4-3 (Groundball, 6)
Batting: RHB Andrés Aguirre 0-0: Ball
1-0: Ball
2-0: Ball
3-0: Called Strike
3-1: Base on Balls
Batting: LHB Brett Anderson 0-0: Called Strike
0-1: Swinging Strike
0-2: Foul Ball, location: 2F
0-2: Ball
1-2: Ball
2-2: Foul Ball, location: 2F
2-2: Strikes out swinging
Top of the 5th over - 0 runs, 0 hits, 0 errors, 1 left on base; Alabama 0 - Oceanside 3
BOTTOM OF THE 5TH
Oceanside Swamp Foxes batting - Pitching for Alabama Shakes : RHP Iván Lerma
Batting: RHB Rubén Ramírez 0-0: Ball
1-0: Swinging Strike
1-1: Fly out, F3 (Line Drive, 3)
Batting: RHB Armando Solís 0-0: Fly out, F5 (Popup, 56S)
Batting: RHB Travis Thomas 0-0: Called Strike
0-1: Ground out 1-3 (Groundball, 15)
Bottom of the 5th over - 0 runs, 0 hits, 0 errors, 0 left on base; Alabama 0 - Oceanside 3
TOP OF THE 6TH
Alabama Shakes batting - Pitching for Oceanside Swamp Foxes : RHP Alain Moulin
Batting: RHB Mark Jackson 0-0: Ball
1-0: Ground out 6-3 (Groundball, 6M)
Batting: RHB Mario Rodríguez 0-0: Ball
1-0: Called Strike
1-1: Ball
2-1: Swinging Strike
2-2: Foul Ball, location: 2F
2-2: Fly out, F7 (Line Drive, 7D)
Batting: RHB Darrell McCoy 0-0: Called Strike
0-1: Swinging Strike
0-2: Fly out, F9 (Flyball, 9S)
Top of the 6th over - 0 runs, 0 hits, 0 errors, 0 left on base; Alabama 0 - Oceanside 3
BOTTOM OF THE 6TH
Oceanside Swamp Foxes batting - Pitching for Alabama Shakes : RHP Iván Lerma
Batting: LHB Jeffery Casey 0-0: Called Strike
0-1: Ball
1-1: Called Strike
1-2: SINGLE (Groundball, 34) (infield hit)
Pitching: RHP José Soto
Batting: RHB Ralph Young 0-0: Ball
1-0: Grounds into double play, 6-4-3 (Groundball, 6)
Batting: RHB Pat Greene 0-0: Ball
1-0: Ball
2-0: Ball
3-0: Called Strike
3-1: Ground out 5-3 (Groundball, 5L)
Bottom of the 6th over - 0 runs, 1 hit, 0 errors, 0 left on base; Alabama 0 - Oceanside 3
TOP OF THE 7TH
Alabama Shakes batting - Pitching for Oceanside Swamp Foxes : RHP Alain Moulin
Batting: RHB Bud López 0-0: Called Strike
0-1: Foul Ball, location: 2F
0-2: Ball
1-2: Ball
2-2: SINGLE (Line Drive, 7S)
Batting: LHB Edgardo Molina 0-0: Grounds into double play, 4-6-3 (Groundball, 4)
Batting: RHB Matt Bascombe 0-0: Fly out, F8 (Flyball, 8RXD)
Top of the 7th over - 0 runs, 1 hit, 0 errors, 0 left on base; Alabama 0 - Oceanside 3
BOTTOM OF THE 7TH
Oceanside Swamp Foxes batting - Pitching for Alabama Shakes : RHP José Soto
Batting: SHB León Galló 0-0: SINGLE (Groundball, 34S) (infield hit)
Batting: RHB Tony Klein 0-0: Sac Bunt - play at second, runner OUT! 1-6
Batting: SHB Teko de Bruin 0-0: Called Strike
0-1: Ball
1-1: Swinging Strike
1-2: Ball
2-2: SINGLE (Groundball, 4MD)
Tony Klein to second
Batting: RHB Rubén Ramírez 0-0: Called Strike
0-1: SINGLE (Line Drive, 4D)
Tony Klein to third
Teko de Bruin to second
Runner from 3rd tries for Home, SAFE, no throw
Batting: RHB Armando Solís 0-0: Ball
1-0: Ball
2-0: Ball
3-0: Called Strike
3-1: Foul Ball, location: 2F
3-2: Foul Ball, location: 2F
3-2: Foul Ball, location: 2F
3-2: DOUBLE (Line Drive, 7LD)
Teko de Bruin scores
Rubén Ramírez to third
Batting: RHB Travis Thomas 0-0: Ball
1-0: Ball
2-0: Called Strike
2-1: Foul Ball, location: 2F
2-2: Foul Ball, location: 2F
2-2: Foul Ball, location: 2F
2-2: Ball
3-2: Ground out 6-3 (Groundball, 56)
Batting: LHB Jeffery Casey 0-0: Ball
1-0: Ball
2-0: Fly out, F7 (Line Drive, 78S)
Bottom of the 7th over - 2 runs, 4 hits, 0 errors, 2 left on base; Alabama 0 - Oceanside 5
TOP OF THE 8TH
Alabama Shakes batting - Pitching for Oceanside Swamp Foxes : RHP Alain Moulin
Now in RF: Alberto Serna
Batting: RHB Travis Alexander 0-0: Ball
1-0: Fly out, F9 (Flyball, 89D)
Batting: RHB Andrés Aguirre 0-0: Ball
1-0: Called Strike
1-1: Foul Ball, location: 2F
1-2: Foul Ball, location: 2F
1-2: Foul Ball, location: 2F
1-2: Strikes out swinging
Batting: LHB Brett Anderson 0-0: Ball
1-0: Ball
2-0: SINGLE (Line Drive, 9LM)
Batting: RHB Mark Jackson 0-0: Ball
1-0: Foul Ball, location: 2F
1-1: Foul Ball, location: 2F
1-2: Fielders Choice at 2nd, 5-4 (Groundball, 5)
Top of the 8th over - 0 runs, 1 hit, 0 errors, 1 left on base; Alabama 0 - Oceanside 5
BOTTOM OF THE 8TH
Oceanside Swamp Foxes batting - Pitching for Alabama Shakes : RHP José Soto
Batting: RHB Ralph Young 0-0: Called Strike
0-1: Fly out, F7 (Flyball, 7S)
Batting: RHB Pat Greene 0-0: Ball
1-0: Swinging Strike
1-1: Swinging Strike
1-2: Strikes out swinging
Batting: SHB León Galló 0-0: SINGLE (Groundball, 4MD)
Batting: RHB Tony Klein 0-0: Ball
León Galló is caught stealing 2nd base
Bottom of the 8th over - 0 runs, 1 hit, 0 errors, 0 left on base; Alabama 0 - Oceanside 5
TOP OF THE 9TH
Alabama Shakes batting - Pitching for Oceanside Swamp Foxes : RHP Alain Moulin
Now at SS: Manny Ramos
Batting: RHB Mario Rodríguez 0-0: Ball
1-0: Ball
2-0: Ball
3-0: Base on Balls
Batting: RHB Darrell McCoy 0-0: Called Strike
0-1: Fly out, F9 (Line Drive, 9)
Batting: RHB Bud López 0-0: Ball
1-0: Called Strike
1-1: Foul Ball, location: 2F
1-2: Fly out, F3 (Line Drive, 34)
Lined into DP, U3 (Line Drive, 34)
Top of the 9th over - 0 runs, 0 hits, 0 errors, 0 left on base; Alabama 0 - Oceanside 5
Saturday, April 7th, 2018 - OOTP Baseball 18.8 Build 76